 Dungeon Crawl Stone Soup version 0.31-a0-149-g3fdcc5976a (webtiles) character file.

Game seed: 13140093002728415549

27 qw the Shooter (level 2, -1/26 HPs)
             Began as a Minotaur Hunter on June 7, 2023.
             Engulfed by a cloud of poison gas (8 damage)
             ... on level 1 of the Dungeon.
             The game lasted 00:00:17 (627 turns).

qw the Shooter (Minotaur Hunter)                     Turns: 627, Time: 00:00:17

Health: -1/26      AC:  4    Str: 15    XL:     2   Next: 93%
Magic:  1/1        EV: 12    Int:  6    God:
Gold:   46         SH:  0    Dex: 13    Spells: 1/1 levels left

rFire   . . .        Y - +0 shortbow
rCold   . . .        (shield currently unavailable)
rNeg    . . .        c - +0 leather armour
rPois   .            (helmet restricted)
rElec   .            (no cloak)
rCorr   .            (no gloves)
SInv    .            i - +0 pair of boots
Will    .....        (no amulet)
Stlth   +            (no ring)
HPRegen 0.24/turn    (no ring)
MPRegen 0.07/turn

%: no passive effects
@: lethally poisoned (-1 -> -42)
A: horns 2, retaliatory headbutt
a: no special abilities


You were on level 1 of the Dungeon.
You visited 1 branch of the dungeon, and saw 1 of its levels.

You collected 46 gold pieces.


Innate Abilities, Weirdness & Mutations

You have a pair of horns on your head.
You reflexively headbutt those who attack you in melee.


   Skills:
 - Level 3.0 Fighting
 + Level 5.2 Ranged Weapons
 - Level 2.1 Dodging
 - Level 0.7 Stealth


You had one spell level left.
You didn't know any spells.
Your spell library was empty.

Inventory:

Hand Weapons
 Y - a +0 shortbow (weapon)
Armour
 c - a +0 leather armour (worn)
 i - a +0 pair of boots (worn)
Scrolls
 e - a scroll of identify

Dungeon Overview and Level Annotations

Branches:
Dungeon (1/15)

Altars:


Message History

As you read the scroll labelled ZORPHU PYOHEM, it crumbles to dust.
The scroll dissolves into smoke.
It was a scroll of fog.
619 ||| READING scroll labelled PERGHA YKHUOCK.
As you read the scroll labelled PERGHA YKHUOCK, it crumbles to dust.
The air around you briefly surges with heat, but it dissipates.
It was a scroll of immolation.
620 ||| READING scroll labelled BALONANKISS.
Blink to where?
Press: ? - help, Dir - move target, f - you Are you sure you want to cancel this blink?
As you read the scroll labelled BALONANKISS, it crumbles to dust.
It was a scroll of blinking.
621 ||| READING scroll labelled MUDGHER XENKIW.
As you read the scroll labelled MUDGHER XENKIW, it crumbles to dust.
You hear a loud clanging noise!
It was a scroll of noise.
622 ||| READING 2 scrolls of identify.
As you read the scroll of identify, it crumbles to dust.
g - a potion of lignification
622 ||| IDENTIFYING viscous brown potion
623 ||| DROPPING scroll of butterflies.
You drop a scroll of butterflies.
624 ||| DROPPING potion of lignification.
You drop a potion of lignification.
Enter note:
Enter note:
Enter note:
Enter note:
Enter note:
Enter note:
Enter note: Really walk into that cloud of poison gas?
You are engulfed in poison gas.
You are poisoned.
You feel very sick.
You're standing in a cloud of poison gas!
You are engulfed in poison gas.
You are lethally poisoned!
You feel extremely sick.
You're standing in a cloud of poison gas!
You are engulfed in poison gas.
You are more poisoned.
You die...

###.##### #..### ##.####..##.#(..
........# #....# #..# ##....#...
#####...# #..#%###.#########.#...
...~#.[.###..#'#0.0¤¤0.0...#.#...
...~#........#)#0.000.¤0...#.#...
...~#.....).##+#¤#¤0#0¤#...#.##..
~~~~#.#####....+00~0¤0¤¤...#.####
####'.# #.####080¤¤¤0...<#.#
..##..# #....+@¤¤........#.####
..###.# #.##+#¤#..#..#...#.....
......# #.##.#¤..¤¤0¤....#.####
..##### #.##)#¤.¤.¤¤¤¤...#..##
#### #....###0##########..## ...#
####....0# ##..# ...# #######
##.. ...# ### ...# #


There were no monsters in sight!

Vanquished Creatures
  A dart slug (D:1)
  4 endoplasms (D:1)
  A giant cockroach (D:1)
  2 goblins (D:1)
  A hobgoblin (D:1)
  3 bats (D:1)
  A frilled lizard (D:1)
  7 kobolds (D:1)
  3 rats (D:1)
23 creatures vanquished.

Notes
Turn   | Place    | Note
-------+----------+-------------------------------------------
     0 | D:1      | qw the Minotaur Hunter began the quest for the Orb.
     0 | D:1      | Reached XP level 1. HP: 18/18 MP: 0/0
     0 | D:1      | 0 ||| qw: Version: 0.2-a-117-gc6b5c8b
     0 | D:1      | 0 ||| qw: Game counter: 2585
     0 | D:1      | 0 ||| qw: Always use a shield: true
     0 | D:1      | 0 ||| qw: God list: Okawaru
     0 | D:1      | 0 ||| qw: Allow faded altars: false
     0 | D:1      | 0 ||| qw: Do Orc after D:15 true
     0 | D:1      | 0 ||| qw: Do second Lair branch before Depths: true
     0 | D:1      | 0 ||| qw: Lair rune preference: random
     0 | D:1      | 0 ||| qw: Plans: Normal
     0 | D:1      | 0 ||| PLANNING D:1-11
    71 | D:1      | Reached XP level 2. HP: 25/25 MP: 1/1
   106 | D:1      | Reached skill level 5 in Ranged Weapons
   467 | D:1      | Reached skill level 3 in Fighting
   607 | D:1      | 607 ||| UPGRADING to +0 pair of boots.
   612 | D:1      | 612 ||| DROPPING ring of wizardry.
   613 | D:1      | 613 ||| READING scroll labelled XOISAP KEGON.
   616 | D:1      | 616 ||| READING 3 scrolls labelled XABLAEBRA GONAI.
   617 | D:1      | 617 ||| READING scroll labelled MIORAE NIPS.
   618 | D:1      | 618 ||| READING scroll labelled ZORPHU PYOHEM.
   619 | D:1      | 619 ||| READING scroll labelled PERGHA YKHUOCK.
   620 | D:1      | 620 ||| READING scroll labelled BALONANKISS.
   621 | D:1      | 621 ||| READING scroll labelled MUDGHER XENKIW.
   622 | D:1      | 622 ||| READING 2 scrolls of identify.
   622 | D:1      | 622 ||| IDENTIFYING viscous brown potion
   623 | D:1      | 623 ||| DROPPING scroll of butterflies.
   624 | D:1      | 624 ||| DROPPING potion of lignification.
   627 | D:1      | Engulfed by a cloud of poison gas

Levels and vault maps discovered:
D:1:      shiori_arrival_oz, layout_basic, chequers_serial_rivers_room_a,
          minmay_misc_feat_tiny, corner_web_ring

Skill      XL: |  1  2 |
---------------+-------+-----
Ranged Weapons | 5 |  5.2
Fighting       | 3 |  3.0
Dodging        | |  2.1
Stealth        | |  0.7

Action                     || total
---------------------------++-------
   Fire: Shortbow          ||    53
    Use: Scroll            ||     8
 Armour: Leather armour    ||     5
  Dodge: Dodged            ||    11

Table legend:
 A = Non-vault XP
 B = Vault XP
 C = Vault XP percentage of total XP
 D = Non-vault monster count
 E = Vault monster count
 F = Vault count percentage of total count
                 A         B        C        D         E       F
            +---------+---------+-------+---------+---------+-------
      Total |      35 |       4 |  10.3 |      21 |       2 |   8.7
            +---------+---------+-------+---------+---------+-------
        D:1 |      35 |       4 |  10.3 |      21 |       2 |   8.7
            +---------+---------+-------+---------+---------+-------
